 Dungeon Crawl Stone Soup version 0.26-a0-651-gb41185065b (webtiles) character file.

Game seed: 11810306988600763806

23455 Flugslaktarn the Cleaver (level 12, -7/118 HPs)
             Began as a Deep Dwarf Fighter on Oct 9, 2020.
             Was a High Priest of Makhleb.
             Mangled by a lorocyproca (12 damage)
             ... on level 2 of the Abyss.
             The game lasted 00:06:26 (8031 turns).

Flugslaktarn the Cleaver (Deep Dwarf Fighter)       Turns: 8031, Time: 00:06:27

Health: -7/118     AC: 26    Str: 21    XL:     12   Next: 72%
Magic:  1/12       EV:  9    Int: 13    God:    Makhleb [*****.]
Gold:   798        SH: 10    Dex: 15    Spells: 11/11 levels left

rFire    . . .     SeeInvis .   f - +4 broad axe (vorpal)
rCold    . . .     Faith    .   c - +0 kite shield
rNeg     . . .     Spirit   .   b - +0 plate armour
rPois    .         Reflect  .   z - +1 hat {Int+3}
rElec    .         Harm     .   s - +0 cloak (curse)
rCorr    .         Rampage  .   i - +1 pair of gloves
MR       +....                  A - +2 pair of boots
Stlth    ..........             J - amulet of the acrobat
HPRegen  0.00/turn              p - +4 ring of protection
MPRegen  0.13/turn              (no ring)

@: non-regenerating
A: damage resistance, heal wounds, sense surroundings 2, no regeneration
a: Heal Wounds, Minor Destruction, Lesser Servant of Makhleb, Major Destruction,
Greater Servant of Makhleb, Renounce Religion


You were on level 2 of the Abyss.
You worshipped Makhleb.
Makhleb was extremely pleased with you.
You visited 2 branches of the dungeon, and saw 14 of its levels.
You visited the Abyss 1 time.
You also visited: Bailey.

You collected 1032 gold pieces.
You spent 234 gold pieces at shops.

Inventory:

Hand Weapons
 f - a +4 vorpal broad axe (weapon)
   (You bought it in a shop on level 7 of the Dungeon)
Armour
 b - a +0 plate armour (worn)
   (You took it off an orc warrior on level 9 of the Dungeon)
 c - a +0 kite shield (worn)
 e - a scarf of resistance
   (You found it on level 6 of the Dungeon)
 i - a +1 pair of gloves (worn)
   (You found it on level 2 of the Dungeon)
 s - a cursed +0 cloak (worn)
   (You found it on level 7 of the Dungeon)
 z - a +1 hat of intelligence (worn)
   (You took it off Gastronok on level 9 of the Dungeon)
 A - a +2 pair of boots (worn)
   (You found it on level 1 of the Dungeon)
Jewellery
 p - a +4 ring of protection (left hand)
   (You found it on level 8 of the Dungeon)
 H - an uncursed ring of protection from magic {unknown}
   (You found it on level 13 of the Dungeon)
 I - a +6 ring of intelligence {unknown}
   (You found it on level 13 of the Dungeon)
 J - an amulet of the acrobat (around neck)
   (You took it off a gnoll on level 5 of the Dungeon)
Wands
 a - a wand of enslavement (7)
   (You found it on level 9 of the Dungeon)
 g - a wand of digging (6)
   (You found it on level 11 of the Dungeon)
 o - a wand of acid (7)
   (You found it on level 8 of the Dungeon)
Scrolls
 h - 4 scrolls of immolation
 l - a scroll of magic mapping
 m - 2 scrolls of enchant weapon
 r - 4 scrolls of identify
 t - 4 scrolls of teleportation
 x - 10 scrolls of remove curse
 B - 2 scrolls of enchant armour
 C - a scroll of vulnerability {unknown}
 E - 3 scrolls of fog
Potions
 d - a potion of might
 j - a potion of magic
 k - a potion of lignification
 n - a potion of invisibility {unknown}
 q - 3 potions of curing
 u - 2 potions of cancellation {unknown}
 v - 3 potions of flight {unknown}
 w - 2 potions of heal wounds
 y - 4 potions of mutation {unknown}
 D - a potion of ambrosia
 F - a potion of degeneration {unknown}
 G - a potion of haste {unknown}


   Skills:
 * Level 10.7 Fighting
 * Level 12.4 Axes
 + Level 9.3 Armour
 + Level 8.4 Dodging
 - Level 4.0 Shields
 + Level 10.0 Invocations
 + Level 6.6 Evocations


You had 11 spell levels left.
You didn't know any spells.
Your spell library was empty.

Dungeon Overview and Level Annotations

Branches:
Dungeon (13/15)            Temple (1/1) D:4            Lair (0/6) D:8
    Orc (0/2) D:9          Bailey (visited)
 Vaults: D:13-14

Altars:
Elyvilon
Fedhas
Gozag
Makhleb
Qazlal
Ru
Trog
Uskayaw
Vehumet
Yredelemnul
Zin
The Shining One

Shops:
D:4 !   D:6 *   D:7 (   D:10 ?

Annotations:
D:13 Sonja


Innate Abilities, Weirdness & Mutations

You are resistant to damage.
You can heal yourself by infusing magical energy.
You passively map the area around you.
You do not regenerate.


Message History

You closely miss something. Something hits you but does no damage.
Something hits you!
You closely miss something. Something hits you but does no damage.
You hit something. You block something's attack.
You miss something. Something hits you but does no damage.
You closely miss something. Something hits you!
You feel your power leaking away.
You miss something.
A chaos spawn comes into view.
Something hits you!!
* * * LOW HITPOINT WARNING * * *
The chaos spawn gives a chilling moan.
You slash something! Something hits you.
You hit something. Something hits you!!
* * * LOW HITPOINT WARNING * * *
You miss something. Something hits you but does no damage.
You hit something but do no damage. Something hits you but does no damage.
Your plate armour prevents you from hitting something.
Something hits you!
You die...

.. #.. .#. ..
#..# ..#
#..##..#
....... .
##.4.......
#@#. # ..
#.{#. ##..
#.##...... ..
#. #.........
. . #..##. ##
.# .# # ..##.
# .# . ##
#...... ...
...... . .
##..##..##..#


You could see a chaos spawn.

Vanquished Creatures
  Gastronok (D:9)
  A green death (Abyss:2)
  Josephine (D:11)
  2 two-headed ogres (D:11)
  An unseen horror (D:12)
  A deep elf mage (D:12)
  An ugly thing (D:12)
  A cyclops (D:13)
  An efreet (Abyss:2)
  A redback zombie (D:13)
  2 tengu conjurers (D:13)
  3 trolls
  3 hippogriffs
  25 yaks
  A large abomination (Abyss:2)
  7 wraiths
  A ynoxinul (Abyss:2)
  2 wyverns
  A chaos spawn (Abyss:2)
  4 water moccasins
  3 porcupines (D:8)
  5 black bears
  A sky beast (D:13)
  3 orc warriors
  An eye of draining (D:10)
  4 ice beasts
  2 ogres
  5 phantoms
  12 centaurs
  A necrophage (D:10)
  3 crocodiles
  8 bullfrogs
  A wyvern skeleton (D:13)
  A scorpion (D:11)
  25 wights
  11 killer bees
  A bullfrog zombie (D:12)
  5 centaur zombies
  A bullfrog skeleton (D:12)
  9 hounds
  4 jellies
  5 orc priests
  A gnoll shaman (D:6)
  Jessica (D:2)
  5 iguanas
  10 orc wizards
  10 worker ants
  A hound zombie (D:11)
  A worker ant zombie (D:3)
  12 gnolls
  9 adders
  4 shadow imps
  2 white imps
  2 ufetubi
  4 adder skeletons
  2 worms
  7 leopard geckos
  62 orcs
  6 bats
  A giant cockroach (D:3)
  3 goblins
  5 hobgoblins
  11 jackals
  2 kobolds
  4 quokkas
  6 rats
342 creatures vanquished.

Vanquished Creatures (collateral kills)
  Snorg (D:13)
  A two-headed ogre (D:9)
  An unseen horror (D:13)
  A killer bee (D:9)
  An orc wizard (D:13)
  3 orcs (D:13)
  A quokka (D:9)
9 creatures vanquished.

Vanquished Creatures (others)
  An orc wizard (D:5)
  7 plants (D:8)
8 creatures vanquished.

Grand Total: 359 creatures vanquished

Notes
Turn   | Place    | Note
-------+----------+-------------------------------------------
     0 | D:1      | Flugslaktarn the Deep Dwarf Fighter began the quest for the
                  | Orb.
     0 | D:1      | Reached XP level 1. HP: 20/20 MP: 1/1
    48 | D:1      | Reached XP level 2. HP: 27/27 MP: 2/2
   258 | D:2      | Noticed Jessica
   269 | D:2      | Killed Jessica
   269 | D:2      | Reached skill level 3 in Axes
   269 | D:2      | Reached XP level 3. HP: 34/34 MP: 3/3
   356 | D:3      | Reached XP level 4. HP: 42/42 MP: 4/4
   757 | D:4      | Reached XP level 5. HP: 45/50 MP: 5/5
   804 | D:4      | Found a staircase to the Ecumenical Temple.
   841 | D:4      | Found Cismiast's Distillery.
   873 | Temple   | Entered the Ecumenical Temple
   912 | Temple   | Became a worshipper of Makhleb the Destroyer
  1117 | D:4      | Reached skill level 4 in Axes
  1138 | D:4      | Reached skill level 1 in Invocations
  1159 | D:4      | Reached XP level 6. HP: 35/57 MP: 6/6
  1185 | D:4      | Reached skill level 1 in Dodging
  1219 | D:4      | You fall into a shaft and drop 1 floor!
  1219 | D:5      | Entered Level 5 of the Dungeon
  1252 | D:5      | Noticed an ice beast
  1277 | D:5      | Killed an ice beast
  1473 | D:4      | Reached skill level 5 in Axes
  1473 | D:4      | Reached XP level 7. HP: 34/66 MP: 7/7
  1805 | D:5      | Reached * piety under Makhleb
  1950 | D:5      | Reached skill level 5 in Fighting
  2046 | D:5      | Reached skill level 5 in Armour
  2219 | D:6      | Reached XP level 8. HP: 37/74 MP: 9/9
  2221 | D:6      | Reached skill level 6 in Axes
  2270 | D:6      | Found Meskafro's General Store.
  2287 | D:6      | HP: 3/74 [ogre/+0 giant club (32)]
  2607 | D:7      | Found a basalt altar of Yredelemnul.
  2622 | D:7      | Found a flagged portal.
  2632 | Bailey   | Entered a bailey
  2941 | D:7      | Reached ** piety under Makhleb
  2941 | D:7      | Reached skill level 7 in Axes
  2983 | D:7      | Found Urint's Weapon Boutique.
  2986 | D:7      | Bought a +2 vorpal broad axe for 234 gold pieces
  3063 | D:7      | Noticed a moth of wrath
  3065 | D:7      | Found a bloodstained altar of Trog.
  3111 | D:8      | Gained mutation: You passively map the area around you.
                  | [Deep Dwarf growth]
  3111 | D:8      | Reached XP level 9. HP: 39/84 MP: 8/8
  3134 | D:8      | Reached skill level 5 in Invocations
  3304 | D:8      | Found a staircase to the Lair.
  3465 | D:8      | Noticed a troll
  3470 | D:8      | Killed a troll
  3476 | D:8      | Reached skill level 8 in Axes
  3488 | D:8      | Noticed a troll
  3492 | D:8      | Killed a troll
  3673 | D:8      | Reached skill level 5 in Dodging
  3814 | D:9      | Reached *** piety under Makhleb
  3822 | D:9      | Reached XP level 10. HP: 38/96 MP: 10/10
  3824 | D:9      | Reached skill level 9 in Axes
  3970 | D:9      | Noticed Gastronok
  3971 | D:9      | Found a bloodstained altar of Trog.
  3988 | D:9      | Killed Gastronok
  4081 | D:9      | Found a hide-covered altar of Uskayaw.
  4184 | D:9      | Noticed a two-headed ogre
  4193 | D:9      | Killed a two-headed ogre
  4193 | D:9      | Reached skill level 10 in Axes
  4193 | D:9      | Reached skill level 1 in Evocations
  4289 | D:9      | Found a staircase to the Orcish Mines.
  4307 | D:9      | Reached **** piety under Makhleb
  4720 | D:10     | Entered Level 10 of the Dungeon
  5051 | D:10     | Found Nuamies's Magic Scroll Shoppe.
  5063 | D:10     | Reached XP level 11. HP: 103/104 MP: 11/11
  5900 | D:11     | Noticed a two-headed ogre
  5911 | D:11     | Killed a two-headed ogre
  6252 | D:11     | Noticed a two-headed ogre
  6258 | D:11     | Reached skill level 11 in Axes
  6267 | D:11     | Killed a two-headed ogre
  6336 | D:11     | Noticed Josephine
  6354 | D:11     | Killed Josephine
  6384 | D:11     | Reached ***** piety under Makhleb
  6802 | D:12     | Noticed a deep elf mage
  6802 | D:12     | Noticed a green ugly thing
  6811 | D:12     | Reached skill level 5 in Evocations
  6815 | D:12     | Reached XP level 12. HP: 89/116 MP: 13/13
  6821 | D:12     | Reached skill level 10 in Fighting
  7412 | D:13     | Noticed Snorg
  7426 | D:13     | Killed Snorg
  7578 | D:13     | Reached skill level 12 in Axes
  7773 | D:13     | Noticed Sonja
  7784 | D:13     | Noticed a centaur warrior
  7792 | D:13     | Banished a centaur warrior
  7794 | D:13     | Cast into level 1 of the Abyss (Sonja)
  7843 | Abyss:2  | Noticed a lich
  7843 | Abyss:2  | Noticed a naga warrior
  7844 | Abyss:2  | Noticed a naga warrior
  7929 | Abyss:2  | Noticed a green death
  7944 | Abyss:2  | Killed a green death
  7944 | Abyss:2  | Reached skill level 10 in Invocations
  8028 | Abyss:2  | HP: 5/118 [something (16)]
  8031 | Abyss:2  | Mangled by a lorocyproca

Illustrated notes

Levels and vault maps discovered:
D:1:      elethiomel_arrival_quiet, layout_basic, serial_curves, eino_curves_04,
          eino_curves_04, eino_curves_03, serial_bayou_pond_e
D:2:      layout_basic, uniq_terence, uniq_jessica, uniq_robin
D:3:      layout_loops_ring, serial_undead, serial_undead_e, serial_undead_e,
          serial_undead_e, serial_undead_d
D:4:      layout_loops_ring, minmay_temple_entry_ruins, serial_shops,
          nicolae_shop_crystal
D:5:      minmay_spotlight, layout_basic
D:6:      layout_basic, serial_shops, nicolae_shop_statue_plus
D:7:      layout_rooms, basic_altar, enter_bailey_2, serial_shops,
          kennysheep_mini_moat, tgw_trog
D:8:      wad_woods_settlement, layout_basic, lair_entry_dummy
D:9:      layout_basic, lemuel_doored_altar, hiddenorc2_lemuel, basic_altar,
          uniq_gastronok
D:10:     layout_loops_corners, serial_shops, shop
D:11:     layout_stronghold, uniq_josephine
D:12:     layout_rooms
D:13:     layout_irregular_city, uniq_sonja, uniq_snorg
Temple:   regret_index_temple_sigil_plot
Abyss:2:  base:
D:1

Skill      XL: |  1  2  3  4  5  6  7  8  9 10 11 12 |
---------------+-------------------------------------+-----
Fighting       | 3 4 5 6 7 8 9 10 | 10.7
Axes           | 3 4 5 7 8 10 11 12 | 12.4
Shields        | 4 |  4.0
Armour         | 4 5 6 7 8 9 |  9.3
Invocations    | 1 2 3 4 6 7 9 10 | 10.0
Dodging        | 1 2 4 5 6 7 8 |  8.4
Evocations     | 2 5 6 |  6.6

Action                   |  1- 3 |  4- 6 |  7- 9 | 10-12 || total
-------------------------+-------+-------+-------+-------++-------
Melee: War axe           |    53 |   171 |   221 |       ||   445
       Broad axe         |       |       |   115 |   598 ||   713
Invok: Lesser Servant of |       |       |       |     3 ||     3
 Abil: Heal Wounds       |     1 |     5 |    12 |    11 ||    29
Evoke: Wand              |       |       |       |     3 ||     3
  Use: Potion            |       |       |     2 |     5 ||     7
       Scroll            |       |       |    15 |     3 ||    18
 Stab: Distracted        |       |       |       |     3 ||     3
Armor: Scale mail        |    24 |    78 |   126 |       ||   228
       Chain mail        |       |       |    31 |     4 ||    35
       Plate armour      |       |       |       |   449 ||   449
       Skin              |       |       |       |     6 ||     6
Dodge: Dodged            |    16 |    55 |   169 |   245 ||   485
Block: Kite shield       |    28 |    90 |   223 |   312 ||   653

Table legend: (Time is in decaauts)
 A = Elapsed time spent in this place.
 B = Non-inter-level travel time spent in this place.
 C = Inter-level travel time spent in this place.
 D = Time resting spent in this place.
 E = Time spent auto-exploring this place.
 F = Levels seen in this place.
 G = Mean time per level.
                   A        B        C        D        E       F      G
               +--------+--------+--------+--------+--------+-----+--------+
         Total |   8308 |   7978 |    330 |     43 |   5537 |  17 |  488.7 |
       Dungeon |   7973 |   7665 |    308 |      3 |   5436 |  13 |  613.3 |
        Temple |     50 |     28 |     22 |      0 |     26 |   1 |   50.0 |
         Abyss |    248 |    248 |      0 |     40 |     72 |   2 |  124.0 |
        Bailey |     35 |     35 |      0 |      0 |      2 |   1 |   35.0 |
               +--------+--------+--------+--------+--------+-----+--------+

Top non-repeatable levels by time:
    D:11: 1103 daAuts
     D:9: 998 daAuts
    D:10: 991 daAuts
     D:5: 708 daAuts
     D:8: 677 daAuts
     D:4: 673 daAuts
    D:12: 602 daAuts
     D:7: 507 daAuts
     D:3: 486 daAuts
     D:6: 485 daAuts
    D:13: 441 daAuts
 Abyss:2: 218 daAuts
     D:1: 198 daAuts
     D:2: 99 daAuts
  Temple: 50 daAuts
